 Dungeon Crawl Stone Soup version 0.23.2-11-gf996548c65 (webtiles) character file.

Game seed: 15787540698361347552

4930 Kobolds4U the Carver (level 10, -2/93 HPs)
             Began as a Minotaur Fighter on June 5, 2019.
             Was a Follower of Ashenzari.
             Slain by a gnoll sergeant
             ... wielding a +0 spear
              (4 damage)
             ... on level 9 of the Dungeon.
             The game lasted 00:19:55 (8608 turns).

Kobolds4U the Carver (Minotaur Fighter)             Turns: 8608, Time: 00:19:58

Health: -2/93      AC: 11    Str: 22    XL:     10   Next: 27%
Magic:  9/9        EV:  4    Int:  5    God:    Ashenzari [*.....]
Gold:   510        SH: 10    Dex: 12    Spells: 9/9 levels left

rFire    . . .     SeeInvis .   a - +0 long sword (curse)
rCold    . . .     Gourm    .   c - +0 shield (curse)
rNeg     . . .     Faith    .   L - +0 plate armour
rPois    .         Spirit   .   (helmet restricted)
rElec    .         Reflect  .   v - +2 cloak
rCorr    .         Harm     .   (no gloves)
MR       .....                  (no boots)
Stlth    ..........             (no amulet)
HPRegen  0.25/turn              (no ring)
MPRegen  0.11/turn              (no ring)

@: corroded
A: retaliatory headbutt, horns 2
a: Curse Item, Scrying, Renounce Religion


You were on level 9 of the Dungeon.
You worshipped Ashenzari.
Ashenzari was aware of your devotion.
You were hungry.

You visited 2 branches of the dungeon, and saw 10 of its levels.

You collected 510 gold pieces.

Inventory:

Hand Weapons
 a - a cursed +0 long sword (weapon)
 I - the +4 dagger of Tomorrow {freeze, Fragile Str+5 Dex+7}
   (You found it on level 7 of the Dungeon)

   It has been specially enchanted to freeze those struck by it, causing extra
   injury to most foes and up to half again as much damage against particularly
   susceptible opponents.
   It can also slow down cold-blooded creatures.
   It affects your strength (+5).
   It affects your dexterity (+7).
   It will be destroyed if unequipped.
 J - a +0 dagger of flaming
Missiles
 z - a throwing net (quivered)
 G - 2 tomahawks
 M - 4 javelins
Armour
 b - a +0 scale mail
 c - a cursed +0 shield (worn)
 t - a +0 cloak of magic resistance
 v - a +2 cloak (worn)
 w - a scarf of cloud immunity
 x - the +2 animal skin of Twilight {rPois rF+ Dex+3}
   (You found it on level 4 of the Dungeon)

   It affects your dexterity (+3).
   It protects you from fire.
   It protects you from poison.
 y - a +2 chain mail of fire resistance
 B - a +0 buckler
 L - a +0 plate armour (worn)
Jewellery
 h - an uncursed ring of wizardry
 D - an uncursed ring of protection from cold
Wands
 F - a wand of random effects (20)
 K - a wand of polymorph (9)
Scrolls
 e - 3 scrolls of remove curse
 g - 3 scrolls of magic mapping
 j - 10 scrolls of identify {unknown}
 l - 5 scrolls of teleportation {unknown}
 m - 3 scrolls of enchant armour {unknown}
 p - a scroll of fog {unknown}
 q - 4 scrolls of amnesia {unknown}
 u - 3 scrolls of immolation {unknown}
 N - a scroll of fear {unknown}
 P - a scroll of random uselessness {unknown}
Potions
 d - a potion of might
 i - 5 potions of heal wounds {unknown}
 k - a potion of ambrosia {unknown}
 n - 4 potions of curing {unknown}
 o - a potion of magic {unknown}
 r - 3 potions of lignification {unknown}
 s - 2 potions of mutation {unknown}
 A - 2 potions of haste
 C - 2 potions of agility {unknown}
 E - a potion of brilliance {unknown}
 H - a potion of flight {unknown}
Comestibles
 f - 15 rations
 O - 8 chunks of flesh


   Skills:
 + Level 10.0 Fighting
 - Level 14.0 Long Blades
 + Level 4.7 Armour
 * Level 5.8 Shields


You had 9 spell levels left.
You didn't know any spells.
Your spell library was empty.

Dungeon Overview and Level Annotations

Branches:
Dungeon (9/15)             Temple (1/1) D:6            Lair (0/6) D:8
    Orc: D:9-12

Altars:
Ashenzari
Cheibriados
Dithmenos
Fedhas
Gozag
Hepliaklqana
Kikubaaqudgha
Makhleb
Nemelex Xobeh
Okawaru
Qazlal
Ru
Sif Muna
Trog
Uskayaw
Vehumet
Wu Jian
Xom
Yredelemnul
Zin
The Shining One

Annotations:
D:4 3 runed translucent doors, Sverke's ghost, amateur GrMo


Innate Abilities, Weirdness & Mutations

You reflexively headbutt those who attack you in melee.
You have a pair of horns on your head.


Message History

There is an open door here.
You block the gnoll's attack. You block the gnoll sergeant's attack.
The gnoll zaps a wand.
The bolt of acid hits you! The acid corrodes you!
You are splashed with acid!
The gnoll hits you with a +2 spear of distortion.
Space warps horribly around you!!
* * * LOW HITPOINT WARNING * * *
You block the gnoll's attack.
The gnoll sergeant hits you with a +0 spear!
* * * LOW HITPOINT WARNING * * *
The gnoll hits you from afar with a cursed +0 spear.
* * * LOW HITPOINT WARNING * * *
As you read the scroll labeled RAIMUOXONK, it crumbles to dust.
You feel aware of your surroundings.
You sensed 1 altar.
It was a scroll of magic mapping.
The gnoll barely misses you. You furiously retaliate!
You headbutt the gnoll, but do no damage.
You block the gnoll's attack. The gnoll barely misses you.
The gnoll sergeant hits you with a +0 spear.
You die...

..#......#######........#####*,,,
..#......#.....#............#,,,,
###......#.....#............#,,,,
.........#.....#............#,,,,
.........'.....#............#,,,,
.........#.....#............#,,,,
.........#############......#####
.........#....#..g...............
.........#....#.@g...............
.........#....'gggg..............
.........#....#..................
.........########....#.(((÷......
####.....#,,,,,,#....#..)........
...#÷....#,,,,,,#....#...........
...#..>..#,,,,,,#....#...........
...'.....#,,,,,,#....#...........
...#.....#*****,######...........


You could see a gnoll sergeant and 5 gnolls.

Vanquished Creatures
  An ugly thing (D:8)
  Grinder (D:5)
  Eustachio (D:4)
  Sigmund (D:3)
  3 yaks (D:9)
  A hungry ghost (D:8)
  Menkaure (D:5)
  Duvessa (D:5)
  A black bear (D:8)
  2 sky beasts (D:5)
  3 orc warriors
  2 ice beasts
  2 ogres
  2 centaurs
  5 bullfrogs
  Dowan (D:5)
  2 scorpions
  5 killer bees (D:7)
  4 howler monkeys
  5 crimson imps
  3 hounds
  2 centaur skeletons
  4 orc priests
  Crazy Yiuf (D:3)
  3 bullfrog skeletons
  An iguana (D:4)
  8 orc wizards
  10 worker ants
  A hound zombie (D:7)
  2 worker ant zombies (D:7)
  7 gnolls (D:4)
  2 howler monkey skeletons
  9 adders
  A shadow imp (D:8)
  An ooze (D:1)
  3 adder skeletons
  2 adder zombies
  2 worms (D:2)
  7 leopard geckos
  26 orcs
  8 bats
  4 giant cockroaches
  11 goblins
  5 hobgoblins
  17 jackals
  4 quokkas
  5 frilled lizards
  7 kobolds
  2 quokka skeletons
  7 rats
209 creatures vanquished.

Notes
Turn   | Place    | Note
-------+----------+-------------------------------------------
     0 | D:1      | Kobolds4U the Minotaur Fighter began the quest for the Orb.
     0 | D:1      | Reached XP level 1. HP: 19/19 MP: 0/0
   118 | D:1      | Reached skill level 3 in Long Blades
   174 | D:1      | Reached XP level 2. HP: 25/26 MP: 1/1
   518 | D:1      | Reached skill level 4 in Long Blades
   631 | D:2      | Reached XP level 3. HP: 31/31 MP: 2/2
   859 | D:2      | Reached skill level 5 in Long Blades
   944 | D:2      | Reached XP level 4. HP: 39/39 MP: 3/3
  1150 | D:2      | Found a glowing golden altar of the Shining One.
  1254 | D:3      | Reached skill level 6 in Long Blades
  1460 | D:3      | Reached XP level 5. HP: 45/45 MP: 4/4
  1484 | D:3      | Noticed Sigmund
  1642 | D:3      | Killed Sigmund
  1642 | D:3      | Reached skill level 7 in Long Blades
  1642 | D:3      | Reached XP level 6. HP: 46/51 MP: 5/5
  1706 | D:3      | Found a runed translucent door.
  1707 | D:3      | Noticed Crazy Yiuf
  1898 | D:3      | Killed Crazy Yiuf
  1898 | D:3      | Reached skill level 8 in Long Blades
  1998 | D:4      | Noticed Eustachio
  2016 | D:4      | Killed Eustachio
  2016 | D:4      | Reached skill level 9 in Long Blades
  2091 | D:4      | Reached XP level 7. HP: 57/57 MP: 6/6
  2181 | D:4      | Found a bloodstained altar of Trog.
  2490 | D:4      | Found a runed translucent gate.
  2490 | D:4      | Found a runed translucent gate.
  2514 | D:4      | Found a runed translucent gate.
  2514 | D:4      | Noticed Sverke's ghost (amateur GrMo)
  2575 | D:4      | Reached skill level 10 in Long Blades
  3401 | D:5      | Entered Level 5 of the Dungeon
  3412 | D:5      | Reached skill level 11 in Long Blades
  3412 | D:5      | Reached XP level 8. HP: 32/66 MP: 7/7
  3579 | D:5      | Noticed Dowan
  3579 | D:5      | Noticed Duvessa
  3857 | D:5      | Found a sparkling altar of Nemelex Xobeh.
  3921 | D:5      | Noticed Menkaure
  3928 | D:5      | Killed Menkaure
  3928 | D:5      | Reached skill level 5 in Fighting
  4013 | D:5      | Noticed Grinder
  4122 | D:4      | Got a bronze animal skin
  4135 | D:4      | Identified the +2 animal skin of Twilight {rPois rF+ Dex+3}
                  | (You found it on level 4 of the Dungeon)
  4491 | D:5      | Reached skill level 12 in Long Blades
  4539 | D:5      | Paralysed by Grinder for 4 turns
  4549 | D:5      | Killed Grinder
  4823 | D:5      | Killed Dowan
  4906 | D:5      | Killed Duvessa
  5174 | D:6      | Found a staircase to the Ecumenical Temple.
  5186 | D:6      | Reached XP level 9. HP: 78/78 MP: 8/8
  5192 | Temple   | Entered the Ecumenical Temple
  5226 | Temple   | Became a worshipper of Ashenzari the Shackled
  5777 | D:6      | Reached skill level 13 in Long Blades
  5867 | D:6      | Found a glowing silver altar of Zin.
  5868 | D:6      | Noticed an angel
  6406 | D:7      | Found an opulent altar of Gozag.
  6789 | D:7      | Got the dagger of Tomorrow {freeze, Fragile Str+5 Dex+7}
  6807 | D:7      | Found a radiant altar of Vehumet.
  6823 | D:7      | Identified the +4 dagger of Tomorrow {freeze, Fragile Str+5
                  | Dex+7} (You found it on level 7 of the Dungeon)
  6877 | D:7      | Identified the +7 war axe of the Throat {antimagic, Int+3
                  | SInv} (You found it on level 5 of the Dungeon)
  6877 | D:7      | Identified the +7 quarterstaff of Conversion {crush, +Inv
                  | rN+ Str+4 Dex+2}
  7062 | D:7      | Identified the +7 quarterstaff of Conversion {crush, +Inv
                  | rN+ Str+4 Dex+2}
  7240 | D:8      | Reached * piety under Ashenzari
  7285 | D:8      | Reached skill level 14 in Long Blades
  7306 | D:8      | Found a staircase to the Lair.
  7330 | D:8      | Found an ornate altar of the Wu Jian Council.
  7361 | D:8      | Noticed a brown ugly thing
  7379 | D:8      | Killed a brown ugly thing
  7691 | D:8      | Reached XP level 10. HP: 85/92 MP: 9/9
  8273 | D:9      | Reached skill level 5 in Shields
  8282 | D:9      | Reached skill level 10 in Fighting
  8538 | D:9      | Found a stormy altar of Qazlal.
  8607 | D:9      | HP: 3/93 [gnoll sergeant/+0 spear (8)]
  8608 | D:9      | Slain by a gnoll sergeant

Skill      XL: |  1  2  3  4  5  6  7  8  9 10 |
---------------+-------------------------------+-----
Long Blades    | 3 4 5 6 7 9 11 12 14 | 14.0
Fighting       | 4 6 9 10 | 10.0
Shields        | 4 5 |  5.8
Armour         | 4 |  4.7

Action                   |  1- 3 |  4- 6 |  7- 9 | 10-12 || total
-------------------------+-------+-------+-------+-------++-------
Melee: Long sword        |    80 |    83 |   488 |    68 ||   719
       Headbutt          |    13 |    17 |    96 |    18 ||   144
Throw: Throwing net      |       |       |     5 |       ||     5
Invok: Curse Item        |       |       |     2 |       ||     2
  Use: Scroll            |       |       |       |     1 ||     1
 Stab: Held in net/web   |       |       |     2 |       ||     2
  Eat: Chunk             |       |     4 |    20 |     3 ||    27
Armor: Scale mail        |    28 |    25 |    32 |       ||    85
       Chain mail        |       |       |   148 |       ||   148
       Plate armour      |       |       |     4 |    45 ||    49
Dodge: Dodged            |    22 |    29 |    89 |    12 ||   152
Block: Shield            |    36 |    38 |   145 |    48 ||   267
       Buckler           |       |       |    20 |       ||    20
       Rpst.: Long sword |     4 |     6 |    28 |     4 ||    42
